[Event "Titled Tuesday Blitz May 2 Late 2023"]
[White "Ng, Gary"]
[Black "Eisa Mohmood, Alkhoori"]
[WhiteFideId "2604914"]
[BlackFideId "9316116"]
[WhiteElo "2213"]
[BlackElo "1310"]
[Result "1-0"]
[Round "10"]
[TimeControl "180+2"]
[Date "2023.05.02"]
[WhiteClock "0:01:21"]
[BlackClock "0:00:11"]

1. d4 Nf6 2. Bf4 d5 3. e3 c5 4. dxc5 Nc6 5. a3 e5 6. Bg5 Bxc5 7. Bxf6 gxf6 8. Nd2 Rg8 9. Qh5 Rg7 10. Bd3 e4 11. Bb5 Bg4 12. Qh6 Bf8 13. Qh4 Qd6 14. f3 exf3 15. Ngxf3 Be7 16. Qh6 Kf8 17. O-O Kg8 18. Nh4 f5 19. Qxd6 Bxd6 20. Nxf5 Bxf5 21. Rxf5 Ne7 22. Rf2 a6 23. Bd3 Re8 24. Re1 Bc5 25. Nb3 Bb6 26. Nd4 Nc6 27. Nxc6 Bxe3 28. Rxe3 Rxe3 29. Nd4 Rg4 30. Nf5 Re1+ 31. Rf1 Re5 32. Nh6+ 1-0


[Site "https://www.chess.com"]

[Event "Titled Tuesday Blitz May 2 Late 2023"]
[White "Debray, Christopher"]
[Black "Panico, Nick"]
[WhiteFideId "630810"]
[BlackFideId "2026724"]
[WhiteElo "2340"]
[BlackElo "1982"]
[Result "1-0"]
[Round "10"]
[TimeControl "180+2"]
[Date "2023.05.02"]
[WhiteClock "0:00:12"]
[BlackClock "0:00:13"]

1. d4 f5 2. g3 Nf6 3. Bg2 g6 4. Nf3 Bg7 5. O-O O-O 6. c4 d6 7. Nc3 Nc6 8. d5 Ne5 9. Nxe5 dxe5 10. e4 f4 11. gxf4 exf4 12. Bxf4 Nxe4 13. Bg3 Nxg3 14. fxg3 Rxf1+ 15. Qxf1 Qd6 16. Re1 Bd7 17. Kh1 Rf8 18. Qe2 Bf6 19. Ne4 Qe5 20. Nxf6+ Qxf6 21. Qxe7 Bg4 22. Qxf6 Rxf6 23. h3 Bf3 24. Rf1 Bxg2+ 25. Kxg2 Rb6 26. b3 a5 27. Rf3 a4 28. g4 Kg7 29. g5 Ra6 30. Kg3 b6 31. h4 a3 32. Re3 Kf7 33. Re6 Ra8 34. Kf4 Rd8 35. Ke5 Rd7 36. Kd4 Kg7 37. c5 bxc5+ 38. Kxc5 Kf7 39. Ra6 Re7 40. Rxa3 Re4 41. Ra4 Re1 42. Kc6 Rd1 43. Rc4 Ke7 44. a4 Kd8 45. a5 Ra1 46. b4 Kc8 47. Kb5 Kd7 48. Rd4 Kd6 49. a6 Re1 50. Rc4 Re8 51. Rc6+ Kd7 52. a7 Ra8 53. Ka6 Kc8 54. Rf6 Kd7 55. Rb6 cxb6 56. Kb7 Rc8 57. a8=Q Rc7+ 58. Kxb6 Kd6 59. Qd8+ Rd7 60. Qxd7+ Kxd7 61. Kc5 Kc7 62. b5 Kd7 63. b6 Kc8 64. d6 Kb7 65. Kb5 h5 66. gxh6 g5 67. hxg5 Kc8 68. Kc6 Kd8 69. h7 Ke8 70. h8=Q+ Kf7 71. Qf6+ Kg8 72. Qe7 Kh8 73. b7 1-0


[Site "https://www.chess.com"]

[Event "Titled Tuesday Blitz May 2 Late 2023"]
[White "Fajdetic, Hrvoje"]
[Black "Adel, Sara"]
[WhiteFideId "14501945"]
[BlackFideId "10616764"]
[WhiteElo "2185"]
[BlackElo "1982"]
[Result "1-0"]
[Round "10"]
[TimeControl "180+2"]
[Date "2023.05.02"]
[WhiteClock "0:00:35"]
[BlackClock "0:00:43"]

1. f4 Nf6 2. Nf3 d6 3. d3 Nc6 4. e4 e5 5. Be2 exf4 6. Bxf4 g6 7. O-O Bg7 8. Qd2 O-O 9. Bh6 Ne5 10. Nc3 Nfg4 11. Bxg7 Kxg7 12. Nd5 c6 13. Nf4 f5 14. exf5 Bxf5 15. h3 Nxf3+ 16. Bxf3 Ne5 17. d4 Nc4 18. Qc3 d5 19. Rae1 Qg5 20. Ne6+ Bxe6 21. Rxe6 Rae8 22. Rxe8 Rxe8 23. b3 Re3 24. Qb4 Nb6 25. Bxd5 cxd5 26. Qf8# 1-0


[Site "https://www.chess.com"]

[Event "Titled Tuesday Blitz May 2 Late 2023"]
[White "Kapp, Martin"]
[Black "Fernandez Madrid, Carlos"]
[WhiteFideId "24651680"]
[BlackFideId "2206030"]
[WhiteElo "2177"]
[BlackElo "2082"]
[Result "0-1"]
[Round "10"]
[TimeControl "180+2"]
[Date "2023.05.02"]
[WhiteClock "0:00:02"]
[BlackClock "0:02:07"]

1. d4 Nf6 2. c4 b6 3. Nc3 Bb7 4. Nf3 d5 5. g3 dxc4 6. Bg2 a6 7. a4 e6 8. O-O Be7 9. Ne5 Bxg2 10. Kxg2 O-O 11. Nxc4 c5 12. dxc5 Bxc5 13. Be3 Bxe3 14. Nxe3 Nc6 15. Qb3 Rb8 16. Rfd1 Qe7 17. Qa3 Nb4 18. Na2 a5 19. Nxb4 axb4 20. Qb3 h5 21. Rd4 Qb7+ 22. f3 Nd5 23. Nxd5 exd5 24. Qxd5 Qe7 25. Qxh5 Qxe2+ 26. Kh3 g6 27. Qg4 Kg7 28. Rxb4 Rh8+ 29. Qh4 Rxh4+ 30. gxh4 Qxf3# 0-1


[Site "https://www.chess.com"]

[Event "Titled Tuesday Blitz May 2 Late 2023"]
[White "Smith, Shreyas"]
[Black "Torres Dominguez, David"]
[WhiteFideId "7400713"]
[BlackFideId "2220857"]
[WhiteElo "2151"]
[BlackElo "1999"]
[Result "0-1"]
[Round "10"]
[TimeControl "180+2"]
[Date "2023.05.02"]
[WhiteClock "0:00:01"]
[BlackClock "0:01:36"]

1. e4 Nc6 2. Nf3 e5 3. Bb5 Nge7 4. Nc3 g6 5. d4 exd4 6. Nd5 Bg7 7. Bg5 h6 8. Bf6 Bxf6 9. Nxf6+ Kf8 10. Nxd4 Nf5 11. Bxc6 Qxf6 12. exf5 dxc6 13. fxg6 Kg7 14. c3 Re8+ 15. Kf1 Rd8 16. Qf3 c5 17. Qxf6+ Kxf6 18. Nf3 fxg6 19. h3 Be6 20. Kg1 Bd5 21. Nh2 Be6 22. Nf1 Rd3 23. Ne3 Rad8 24. Kh2 h5 25. Rhd1 Rd2 0-1


[Site "https://www.chess.com"]

[Event "Titled Tuesday Blitz May 2 Late 2023"]
[White "Lopez Perdomo, Juan David"]
[Black "Sailer, Mike"]
[WhiteFideId "4405137"]
[BlackFideId "2012901"]
[WhiteElo "1965"]
[BlackElo "2109"]
[Result "0-1"]
[Round "10"]
[TimeControl "180+2"]
[Date "2023.05.02"]
[WhiteClock "0:02:07"]
[BlackClock "0:01:20"]

1. d4 d5 2. c4 Bf5 3. cxd5 Bxb1 4. Rxb1 Qxd5 5. b3 Nc6 6. Nf3 O-O-O 7. e3 e5 8. Bc4 Bb4+ 9. Bd2 Qa5 10. O-O Bxd2 11. Nxd2 exd4 12. Qg4+ Kb8 13. Qxg7 Nge7 14. Bxf7 Qxd2 15. Rbd1 Qxa2 16. exd4 Nf5 17. Qf6 Nfxd4 18. b4 Qb2 19. Rb1 Ne2+ 0-1


[Site "https://www.chess.com"]

[Event "Titled Tuesday Blitz May 2 Late 2023"]
[White "Joubert, Dantelle"]
[Black "James, Stuart"]
[WhiteFideId "14310813"]
[BlackFideId "7400489"]
[WhiteElo "1507"]
[BlackElo "1950"]
[Result "1-0"]
[Round "10"]
[TimeControl "180+2"]
[Date "2023.05.02"]
[WhiteClock "0:00:32"]
[BlackClock "0:00:15"]

1. e4 c5 2. Nf3 e6 3. d4 cxd4 4. Nxd4 a6 5. Bd3 Nc6 6. Nxc6 bxc6 7. O-O d5 8. c4 Nf6 9. exd5 cxd5 10. cxd5 Nxd5 11. Be4 Bd6 12. Bxd5 exd5 13. Qa4+ Bd7 14. Qd4 O-O 15. Qxd5 Bb5 16. Rd1 Rc8 17. Nc3 Be7 18. Nxb5 axb5 19. Be3 Qxd5 20. Rxd5 b4 21. Rad1 Rc2 22. R5d2 Rfc8 23. Kf1 h6 24. Ke2 Bf6 25. b3 Rxd2+ 26. Rxd2 Ra8 27. Kd3 Bc3 28. Rc2 Rd8+ 29. Ke2 Rd1 30. Kxd1 1-0


[Site "https://www.chess.com"]

[Event "Titled Tuesday Blitz May 2 Late 2023"]
[White "Figorito, Nick"]
[Black "Golubev, Mikhail"]
[WhiteFideId "30923689"]
[BlackFideId "14100983"]
[WhiteElo "2036"]
[BlackElo "2374"]
[Result "0-1"]
[Round "10"]
[TimeControl "180+2"]
[Date "2023.05.02"]
[WhiteClock "0:00:16"]
[BlackClock "0:00:07"]

1. Nf3 Na6 2. g3 c6 3. Bg2 Nc7 4. O-O d5 5. d4 g6 6. c4 dxc4 7. a4 Bg7 8. Nc3 Nf6 9. e4 O-O 10. h3 a5 11. Qe2 Na6 12. Qxc4 Nb4 13. Bg5 Be6 14. Qe2 Qb6 15. Rfd1 Qa6 16. Qxa6 Rxa6 17. Ne5 Raa8 18. Nd3 Rfd8 19. Nxb4 axb4 20. Ne2 Bb3 21. Rdc1 Rxa4 22. Rxa4 Bxa4 23. Be3 Bb5 24. Bf1 Ne8 25. e5 Nc7 26. Nf4 Bxf1 27. Kxf1 Bh6 28. Rc4 Bxf4 29. Bxf4 Nd5 30. Bh6 Ra8 31. Kg2 f6 32. exf6 exf6 33. Be3 Kf7 34. Rc2 b3 35. Re2 Ra1 36. Bd2 Rb1 37. Bc3 Rc1 38. Ba5 b6 39. Be1 Rc2 40. Rd2 Ke6 41. Kf1 Rxd2 42. Bxd2 c5 43. dxc5 bxc5 44. Ke2 c4 45. h4 f5 46. Bc1 Ke5 47. Kd2 Kd4 48. Ke2 c3 49. bxc3+ Kxc3 50. Kf3 Kc2 51. Ba3 Nb6 52. Kf4 Nc4 53. Be7 b2 54. Bf6 b1=Q 55. Kg5 Qc1+ 56. f4 Qe3 57. Kh6 Qxg3 58. Bg5 Qf3 59. Kxh7 Qh5+ 60. Kg7 Nd2 61. Kf7 Nf3 62. Ke6 Nxh4 63. Kd6 Nf3 64. Ke6 Nxg5+ 65. fxg5 Qxg5 66. Ke5 f4+ 67. Ke4 Qf5+ 68. Kf3 g5 69. Ke2 g4 70. Kf2 f3 71. Kg1 f2+ 72. Kf1 g3 73. Kg2 f1=N 74. Kg1 Qf2+ 75. Kh1 Qh2# 0-1


[Site "https://www.chess.com"]

[Event "Titled Tuesday Blitz May 2 Late 2023"]
[White "Mendez, Ruddy Antonio"]
[Black "Sanchez, Robert"]
[WhiteFideId "6403387"]
[BlackFideId "2034360"]
[WhiteElo "2161"]
[BlackElo "1966"]
[Result "1-0"]
[Round "10"]
[TimeControl "180+2"]
[Date "2023.05.02"]
[WhiteClock "0:01:09"]
[BlackClock "0:01:46"]

1. d4 Nf6 2. c4 e6 3. Nf3 Bb4+ 4. Bd2 a5 5. g3 O-O 6. Bg2 d5 7. O-O c6 8. Qc2 Nbd7 9. a3 Bxd2 10. Nbxd2 Re8 11. e4 dxc4 12. Nxc4 Nf8 13. Rfd1 Ng6 14. Rac1 Qc7 15. e5 Nd5 16. Nd6 Rf8 17. Nd2 f6 18. f4 Qb6 19. N2c4 Qa7 20. a4 fxe5 21. fxe5 Nxe5 22. Nxe5 Ne3 23. Qc5 Nxd1 24. Qxa7 Rxa7 25. Rxd1 Rd8 26. Nxc8 Rxc8 27. Bh3 Re8 28. Rf1 Re7 29. Rc1 g5 30. Bg2 Kg7 31. Kf2 Ra6 32. Ke3 Rb6 33. Rc2 Rb4 34. Bxc6 bxc6 35. Nxc6 Rb3+ 36. Ke4 Rc7 37. Ke5 Kg6 38. Kd6 Rcb7 39. Nxa5 Rxb2 40. Rxb2 Rxb2 41. Kxe6 Rxh2 42. d5 Ra2 43. d6 Rxa4 44. Nc6 h5 45. d7 Ra8 46. Ne7+ Kh6 47. Nc8 Ra6+ 48. Kd5 Ra5+ 49. Kc6 Ra6+ 50. Kb7 1-0


[Site "https://www.chess.com"]

[Event "Titled Tuesday Blitz May 2 Late 2023"]
[White "Ismayilova, Khanim"]
[Black "Vargas, Mauricio"]
[WhiteFideId "13429019"]
[BlackFideId "4404572"]
[WhiteElo "1633"]
[BlackElo "1998"]
[Result "0-1"]
[Round "10"]
[TimeControl "180+2"]
[Date "2023.05.02"]
[WhiteClock "0:00:12"]
[BlackClock "0:00:51"]

1. c4 e5 2. Nc3 Nc6 3. Nf3 f5 4. e3 Nf6 5. d4 e4 6. Ng1 Bb4 7. Ne2 Be7 8. g3 O-O 9. Bg2 Nb4 10. O-O Nd3 11. Nf4 Nxc1 12. Rxc1 d6 13. d5 Qe8 14. Nb5 Bd8 15. Nd4 g5 16. Nfe6 Bxe6 17. Nxe6 Rf7 18. Nxg5 Ng4 19. Nxf7 Qxf7 20. h3 Ne5 21. Qb3 b6 22. Qc3 Bf6 23. Qd2 Qh5 24. b4 Nf3+ 25. Bxf3 exf3 26. Kh2 Kf7 27. c5 Rg8 28. cxd6 cxd6 29. Rc7+ Be7 30. Qd4 Rg6 31. Rxa7 Kf8 32. Qxb6 Qxh3+ 33. Kxh3 Rh6# 0-1


[Site "https://www.chess.com"]

[Event "Titled Tuesday Blitz May 2 Late 2023"]
[White "Caruana, Fabiano"]
[Black "Suleymanli, Aydin"]
[WhiteFideId "2020009"]
[BlackFideId "13413937"]
[WhiteElo "2837"]
[BlackElo "2559"]
[Result "0-1"]
[Round "11"]
[TimeControl "180+2"]
[Date "2023.05.02"]
[WhiteClock "0:00:08"]
[BlackClock "0:00:02"]

1. e4 e5 2. Nf3 Nc6 3. Bb5 a6 4. Ba4 Nf6 5. O-O Be7 6. Re1 b5 7. Bb3 O-O 8. a4 b4 9. a5 Bb7 10. d3 Bc5 11. h3 d5 12. Nbd2 dxe4 13. dxe4 Nd4 14. Bc4 Nxf3+ 15. Qxf3 Kh8 16. Nb3 Qd6 17. Bg5 Nxe4 18. Rxe4 f5 19. Nxc5 Qxc5 20. Qe3 Qc6 21. Be7 Rfe8 22. Bxb4 f4 23. Qe2 Qxe4 24. Qxe4 Bxe4 25. Rc1 Bb7 26. Bc3 Rad8 27. f3 e4 28. fxe4 Rxe4 29. Bd3 Re3 30. Kf2 Rde8 31. Rd1 f3 32. g3 h6 33. g4 R3e7 34. Kg3 Rf8 35. Kf2 Rfe8 36. h4 c5 37. g5 h5 38. g6 Rd8 39. Rg1 Rd5 40. Bc4 Rf5 41. Rd1 Re2+ 42. Kg3 Rg2+ 43. Kh3 Rd5 0-1


[Site "https://www.chess.com"]

[Event "Titled Tuesday Blitz May 2 Late 2023"]
[White "Babazada, Khazar"]
[Black "Deac, Bogdan-Daniel"]
[WhiteFideId "13413554"]
[BlackFideId "1226380"]
[WhiteElo "2351"]
[BlackElo "2649"]
[Result "1/2-1/2"]
[Round "11"]
[TimeControl "180+2"]
[Date "2023.05.02"]
[WhiteClock "0:00:07"]
[BlackClock "0:00:11"]

1. e4 e5 2. Nf3 Nf6 3. Nxe5 d6 4. Nf3 Nxe4 5. Nc3 Nf6 6. d4 g6 7. h3 Bg7 8. Bd3 O-O 9. O-O Nc6 10. a3 Re8 11. Be3 Ne7 12. Qd2 Bf5 13. Rfe1 Qd7 14. Bc4 c6 15. Bb3 Be6 16. Bxe6 Qxe6 17. Bh6 Qd7 18. Bxg7 Kxg7 19. Ne4 Ned5 20. Ng3 b5 21. b3 Rxe1+ 22. Rxe1 Re8 23. Rxe8 Nxe8 24. c4 bxc4 25. bxc4 Ndf6 26. Qa5 Qb7 27. Qb4 Qc7 28. Nf1 c5 29. dxc5 Qxc5 30. Ne3 Ne4 31. Qb2+ N8f6 32. g4 h6 33. Kg2 Kg8 34. Qb8+ Kg7 35. Qb2 Qc6 36. Kg1 Qc7 37. Nd4 Qe7 38. Ne2 Kg8 39. Nf4 Kh7 40. Nfd5 Nxd5 41. Nxd5 Qh4 42. Qd4 Ng5 43. Nf6+ Kg7 44. Nh5+ Kf8 45. Qxd6+ Kg8 46. Qd8+ Kh7 47. Nf6+ Kg7 48. Ne8+ Kh7 49. Qf6 Nxh3+ 50. Kf1 Qxf6 51. Nxf6+ Kg7 52. Ne4 f5 53. c5 Kf7 54. c6 Ke7 55. gxf5 gxf5 56. c7 Kd7 57. Nd6 Kxc7 58. Nxf5 h5 59. Kg2 Nf4+ 60. Kg3 Nd3 61. f3 Kb6 62. Ng7 Ka5 63. Nxh5 Ka4 64. Nf4 Ne5 65. Nd5 Kxa3 66. f4 Nf7 67. Kg4 Kb3 68. Kf5 a5 69. Nb6 a4 70. Nxa4 Kxa4 71. Ke6 Nh6 72. Kf6 Kb5 73. Kg6 Ng4 74. f5 Kc6 75. Kg5 Ne5 76. Kf6 Kd6 77. Kg7 Nd7 78. f6 Ke6 79. f7 Ke7 80. f8=Q+ Nxf8 1/2-1/2


[Site "https://www.chess.com"]

[Event "Titled Tuesday Blitz May 2 Late 2023"]
[White "Firouzja, Alireza"]
[Black "Grischuk, Alexander"]
[WhiteFideId "12573981"]
[BlackFideId "4126025"]
[WhiteElo "2904"]
[BlackElo "2727"]
[Result "0-1"]
[Round "11"]
[TimeControl "180+2"]
[Date "2023.05.02"]
[WhiteClock "0:00:02"]
[BlackClock "0:00:03"]

1. d4 Nf6 2. Nc3 d5 3. Bf4 g6 4. h4 Bg7 5. e3 h5 6. Bd3 O-O 7. Nf3 c5 8. Ne5 cxd4 9. exd4 Nc6 10. Nxc6 bxc6 11. Qd2 Qb6 12. Be5 Qxb2 13. Rb1 Qa3 14. O-O Ng4 15. Rb3 Qa5 16. Bxg7 Kxg7 17. f3 Nh6 18. Re1 Qc7 19. Qg5 Re8 20. Ne2 Bf5 21. Nf4 Kh7 22. Reb1 Bxd3 23. Nxd3 f6 24. Qd2 Nf5 25. Nf4 Rab8 26. Kf2 Rxb3 27. Rxb3 e5 28. dxe5 Qxe5 29. Ne2 Qxe2+ 30. Qxe2 Rxe2+ 31. Kxe2 Nd4+ 32. Kd3 Nxb3 33. axb3 c5 34. c4 d4 35. b4 Kg7 36. bxc5 Kf7 37. Kxd4 Ke6 38. g4 a6 39. gxh5 gxh5 40. c6 Kd6 41. c7 Kxc7 42. Kc5 Kb7 43. Kd6 a5 44. c5 Kc8 45. Kd5 Kc7 46. Kd4 Kc6 47. Kc4 f5 0-1


[Site "https://www.chess.com"]

[Event "Titled Tuesday Blitz May 2 Late 2023"]
[White "Duda, Jan-Krzysztof"]
[Black "Bilych, Olexiy"]
[WhiteFideId "1170546"]
[BlackFideId "14156504"]
[WhiteElo "2790"]
[BlackElo "2320"]
[Result "1-0"]
[Round "11"]
[TimeControl "180+2"]
[Date "2023.05.02"]
[WhiteClock "0:00:04"]
[BlackClock "0:00:04"]

1. d4 d5 2. Nf3 Nf6 3. Bf4 c5 4. e3 Nc6 5. c3 Qb6 6. Qc2 Bf5 7. dxc5 Bxc2 8. cxb6 Bxb1 9. Rxb1 axb6 10. Bb5 e6 11. a4 Be7 12. Ne5 Rc8 13. g4 Ne4 14. Nf3 Bd6 15. Bg3 Ke7 16. Ke2 Na5 17. Bd3 Nf6 18. Bh4 h6 19. Bxf6+ Kxf6 20. Rhd1 Rhd8 21. h4 g6 22. Nd2 Ke7 23. Rh1 Nc6 24. Bb5 Ne5 25. f3 Kf6 26. Rbg1 g5 27. hxg5+ hxg5 28. Rh6+ Kg7 29. Rh5 Be7 30. f4 gxf4 31. exf4 Ng6 32. Kf3 d4 33. Ne4 dxc3 34. bxc3 Rh8 35. f5 Ne5+ 36. Kf4 f6 37. fxe6 Ng6+ 38. Kf3 Rcd8 39. Rxh8 Kxh8 40. Bd7 Ne5+ 41. Kf4 Nxd7 42. exd7 Rxd7 43. Kf5 Kg7 44. Ke6 Rc7 45. Rb1 Rc4 46. Kd5 Rxa4 47. Rxb6 Ra5+ 48. Kd4 Bd8 49. Rxb7+ Kg6 50. Rb8 Ra4+ 51. c4 Bc7 52. Rg8+ Kf7 53. Rc8 Be5+ 54. Kd5 Ra3 55. c5 Rd3+ 56. Kc6 Rd4 57. Nd6+ Ke6 58. Re8# 1-0


[Site "https://www.chess.com"]

[Event "Titled Tuesday Blitz May 2 Late 2023"]
[White "Ter-Sahakyan, Samvel"]
[Black "Naroditsky, Daniel"]
[WhiteFideId "13302531"]
[BlackFideId "2026961"]
[WhiteElo "2566"]
[BlackElo "2633"]
[Result "0-1"]
[Round "11"]
[TimeControl "180+2"]
[Date "2023.05.02"]
[WhiteClock "0:00:01"]
[BlackClock "0:00:04"]

1. d4 Nf6 2. Nf3 g6 3. c4 Bg7 4. Nc3 O-O 5. e4 d6 6. Be2 e5 7. O-O exd4 8. Nxd4 Re8 9. f3 c6 10. Kh1 Nbd7 11. Be3 Nb6 12. Bg5 h6 13. Bh4 g5 14. Bf2 Nh5 15. Re1 Nf4 16. Bf1 Qf6 17. Qd2 Be6 18. b3 Rad8 19. Rad1 Ng6 20. Nce2 d5 21. exd5 cxd5 22. c5 Nd7 23. Ng3 Nf4 24. b4 Ne5 25. Nb5 Nc4 26. Qc1 a6 27. Bd4 Qg6 28. Bxg7 Qxg7 29. Nc7 Rf8 30. Ne2 Nxe2 31. Bxe2 Ne5 32. f4 gxf4 33. Qxf4 Ng6 34. Qg3 Ne7 35. Qxg7+ Kxg7 36. Bd3 Kf6 37. Rf1+ Ke5 38. Rde1+ Kd4 39. Bb1 Kc3 40. a3 d4 41. Rf3+ d3 42. Ree3 Kb2 43. Bxd3 Nd5 44. Nxd5 Bxd5 45. Rf2+ Kxa3 46. b5 axb5 47. Bxb5+ Kb4 48. Be2 Kxc5 49. h3 Bc6 50. Kh2 Rd6 51. Rc3+ Kb6 52. Bh5 f6 53. Rg3 Rd5 54. Bf3 Rg5 55. Rb2+ Kc7 56. Rg4 Rxg4 57. Bxg4 Rd8 58. Kg3 Rd4 59. Rf2 Rd6 60. Kh4 b5 61. Bf5 Be8 0-1


[Site "https://www.chess.com"]

[Event "Titled Tuesday Blitz May 2 Late 2023"]
[White "Kamsky, Gata"]
[Black "Sarana, Alexey"]
[WhiteFideId "2000024"]
[BlackFideId "24133795"]
[WhiteElo "2660"]
[BlackElo "2714"]
[Result "0-1"]
[Round "11"]
[TimeControl "180+2"]
[Date "2023.05.02"]
[WhiteClock "0:00:04"]
[BlackClock "0:00:12"]

1. d4 Nf6 2. Nf3 d5 3. c4 e6 4. g3 Bb4+ 5. Bd2 Be7 6. Bg2 c6 7. O-O b6 8. Qc2 Ba6 9. b3 Nbd7 10. Rd1 Rc8 11. Bf4 c5 12. dxc5 Bxc5 13. Nc3 dxc4 14. bxc4 Bxc4 15. Ne5 b5 16. Nxc4 bxc4 17. Ne4 Nxe4 18. Bxe4 Qa5 19. Kg2 Nf6 20. Qxc4 O-O 21. Qd3 Bxf2 22. Kxf2 Rc3 23. Qb1 Qh5 24. Kg1 Ng4 25. h4 e5 26. Qb2 Rc4 27. Bd5 exf4 28. Bxc4 fxg3 29. e3 Nxe3 30. Rd4 Qc5 0-1


[Site "https://www.chess.com"]

[Event "Titled Tuesday Blitz May 2 Late 2023"]
[White "Grigoriants, Sergey"]
[Black "Bortnyk, Olexandr"]
[WhiteFideId "4130804"]
[BlackFideId "14120828"]
[WhiteElo "2502"]
[BlackElo "2734"]
[Result "1-0"]
[Round "11"]
[TimeControl "180+2"]
[Date "2023.05.02"]
[WhiteClock "0:01:15"]
[BlackClock "0:02:38"]

1. d4 d6 2. e4 Nf6 3. f3 e5 4. dxe5 dxe5 5. Qxd8+ Kxd8 6. Bc4 Be6 7. Bxe6 fxe6 8. Nh3 Bc5 9. Nf2 Bxf2+ 10. Kxf2 Rf8 11. Ke2 Ke7 12. Be3 b6 13. Nd2 Nc6 14. c3 Rad8 15. b4 a6 16. a4 Nd7 17. Nc4 h6 18. b5 Ncb8 19. Rhb1 a5 20. Rd1 Kf6 21. Rd2 Rfe8 22. Rad1 g5 23. h4 gxh4 24. Bf2 Kg5 25. Nxe5 Re7 26. Nc6 Rde8 27. Nxe7 Rxe7 28. Rh1 Rf7 29. Rxh4 h5 30. Rh1 Ne5 31. Rd8 Nbd7 32. Rg8+ Ng6 33. Be3+ Kf6 34. Rxh5 Ngf8 35. f4 Ke7 36. Rhg5 Nh7 37. R5g7 Nhf6 38. Rxf7+ Kxf7 39. Rc8 Nxe4 40. Rxc7 Ke8 41. Kf3 Nef6 42. g4 Nd5 43. Rc6 Ke7 44. Bd4 Kf7 45. g5 1-0


[Site "https://www.chess.com"]

[Event "Titled Tuesday Blitz May 2 Late 2023"]
[White "Mekhitarian, Krikor Sevag"]
[Black "Sanal, Vahap"]
[WhiteFideId "2107660"]
[BlackFideId "6300545"]
[WhiteElo "2604"]
[BlackElo "2606"]
[Result "0-1"]
[Round "11"]
[TimeControl "180+2"]
[Date "2023.05.02"]
[WhiteClock "0:00:05"]
[BlackClock "0:00:07"]

1. Nf3 d5 2. c4 c6 3. d4 Nf6 4. e3 Bg4 5. Bd3 Nbd7 6. Nbd2 e5 7. cxd5 Nxd5 8. h3 Bh5 9. g4 Bg6 10. Bxg6 hxg6 11. Nxe5 Nxe5 12. dxe5 Qc7 13. Nf3 O-O-O 14. Qe2 Nb4 15. Kf1 Nd3 16. Bd2 Nxe5 17. Bc3 Nxg4 18. Ng5 Nf6 19. Rd1 Rxd1+ 20. Qxd1 Rh5 21. h4 Nd5 22. Qg4+ Kb8 23. Bd4 Bd6 24. Qf3 f6 25. Ne4 Be5 26. Bc5 b6 27. Bf8 Qd8 28. Bxg7 Qe7 29. Rg1 Rf5 30. Qh3 Bxb2 31. Rg4 Qxg7 32. h5 g5 33. h6 Qh7 34. Nd6 Re5 35. Rxg5 Ne7 36. Rg7 Qb1+ 37. Kg2 Kc7 38. Ne8+ Kb7 39. Qd7+ Ka6 40. Nc7+ Ka5 41. Rxe7 Qe4+ 42. Kf1 Rxe7 43. Qd2+ Ka4 44. Na6 Qc4+ 45. Qe2 Qxe2+ 46. Kxe2 Be5 47. f4 Ba1 48. Kf2 Rh7 49. Nb8 Rxh6 50. Nxc6 Rh2+ 51. Kf3 Rxa2 52. Nxa7 b5 53. Nc8 b4 54. Nb6+ Ka3 55. Nc4+ Ka4 56. e4 b3 57. e5 fxe5 58. fxe5 Bxe5 59. Ke4 b2 60. Kd5 b1=Q 61. Kc6 Qb5# 0-1


[Site "https://www.chess.com"]

[Event "Titled Tuesday Blitz May 2 Late 2023"]
[White "Bortnyk, Mykola"]
[Black "Baskakov, Egor"]
[WhiteFideId "14120836"]
[BlackFideId "24197866"]
[WhiteElo "2582"]
[BlackElo "2212"]
[Result "0-1"]
[Round "11"]
[TimeControl "180+2"]
[Date "2023.05.02"]
[WhiteClock "0:00:04"]
[BlackClock "0:00:07"]

1. e4 c5 2. c3 Nf6 3. e5 Nd5 4. Nf3 Nc6 5. Bc4 Nb6 6. Bb3 g6 7. d4 cxd4 8. cxd4 Bg7 9. Qe2 d6 10. h3 O-O 11. O-O Bf5 12. Rd1 Na5 13. Nc3 Rc8 14. Bg5 Re8 15. Bh4 Nxb3 16. axb3 a6 17. g4 Bd7 18. exd6 Bf6 19. dxe7 Bxe7 20. Bxe7 Rxe7 21. Qd3 Qc7 22. d5 Qf4 23. Re1 Rce8 24. Rxe7 Rxe7 25. Rd1 h5 26. Ne2 Qf6 27. d6 Re8 28. Ng3 hxg4 29. hxg4 Bxg4 30. Re1 Rxe1+ 31. Nxe1 Qxb2 32. Nf3 Qf6 33. Nd2 Be6 34. Nde4 Qa1+ 35. Kh2 Qe5 36. Kg1 Nd7 37. Qe3 f5 38. Ng5 Qxe3 39. fxe3 Bxb3 40. Kf2 a5 41. Ke2 a4 42. Kd2 a3 43. Kc3 Bd5 44. Nh3 b5 45. Nf4 b4+ 46. Kc2 b3+ 47. Kb1 Bf7 48. Nd3 Bc4 49. Nb4 b2 50. e4 f4 51. Nh1 g5 52. Nf2 Kf7 53. Ng4 Ke6 54. e5 Kf5 55. Nf2 Kxe5 56. Kc2 Kxd6 57. Ne4+ Ke5 58. Nxg5 Kf5 59. Nf3 Ne5 60. Nd2 Be6 61. Nb1 a2 62. Kxb2 axb1=Q+ 63. Kxb1 Ke4 64. Kc2 f3 65. Kd2 Nc4+ 66. Ke1 Kf4 67. Kf2 Ne5 68. Nc2 Ng4+ 69. Ke1 f2+ 70. Ke2 Bc4+ 71. Kd2 f1=Q 72. Nb4 Ne5 73. Kc3 Qe1+ 74. Kd4 Qd2+ 75. Kc5 Nd7+ 76. Kxc4 Ke4 77. Kb3 Qg5 78. Na2 Kf3 79. Nc3 Nc5+ 80. Kc4 Ne4 81. Nd5 Qe5 82. Nb4 Qc5+ 83. Kb3 Nd2+ 84. Ka4 Qc4 85. Ka5 Ne4 86. Na6 Nc5 87. Nc7 Nb3+ 88. Kb6 Nd4 89. Na8 Qc6+ 90. Ka7 Nb5+ 91. Kb8 Qd7 0-1


[Site "https://www.chess.com"]

[Event "Titled Tuesday Blitz May 2 Late 2023"]
[White "Maurizzi, Marc`Andria"]
[Black "Terry, Renato"]
[WhiteFideId "36083534"]
[BlackFideId "3803457"]
[WhiteElo "2421"]
[BlackElo "2575"]
[Result "1-0"]
[Round "11"]
[TimeControl "180+2"]
[Date "2023.05.02"]
[WhiteClock "0:00:06"]
[BlackClock "0:00:01"]

1. e4 e6 2. d4 d5 3. Nd2 Be7 4. c3 c5 5. dxc5 Bxc5 6. Ngf3 Qb6 7. Qe2 Nf6 8. b4 dxe4 9. bxc5 exf3 10. Qxf3 Qxc5 11. Nc4 O-O 12. Ba3 Qc7 13. Bxf8 Kxf8 14. Qg3 Qxg3 15. hxg3 h6 16. O-O-O Ke7 17. Rh4 Nc6 18. Be2 Bd7 19. Bf3 Rc8 20. Nd6 Rc7 21. Rc4 Nd5 22. Nb5 Nb6 23. Rf4 Rc8 24. Nd6 Rf8 25. Nxb7 Ne5 26. Nc5 Bb5 27. Rb4 Bc4 28. a4 Rc8 29. a5 Rxc5 30. axb6 axb6 31. Rxb6 Nd3+ 32. Kd2 Nxf2 33. Rdb1 Re5 34. Rc6 Bd5 35. Rc7+ Kf6 36. Rf1 Kg5 37. Rxf2 Rf5 38. Ke3 Re5+ 39. Kd2 Rf5 40. c4 Ba8 41. Ra7 Be4 42. Ke3 Bb1 43. Be2 Re5+ 44. Kd2 1-0


[Site "https://www.chess.com"]

[Event "Titled Tuesday Blitz May 2 Late 2023"]
[White "Andreikin, Dmitry"]
[Black "Prohaszka, Peter"]
[WhiteFideId "4158814"]
[BlackFideId "726265"]
[WhiteElo "2736"]
[BlackElo "2626"]
[Result "1-0"]
[Round "11"]
[TimeControl "180+2"]
[Date "2023.05.02"]
[WhiteClock "0:00:43"]
[BlackClock "0:00:02"]

1. e4 c6 2. Bc4 d5 3. Bb3 dxe4 4. Qh5 g6 5. Qe2 Nf6 6. Nc3 Nbd7 7. Nxe4 Nxe4 8. Qxe4 Nc5 9. Qe5 Nxb3 10. axb3 Qd5 11. Qxd5 cxd5 12. d4 Bg7 13. c3 a5 14. h4 h6 15. Ne2 Bd7 16. Nf4 e6 17. Nd3 Bb5 18. Rh3 b6 19. Bf4 Bxd3 20. Rxd3 Kd7 21. Kd2 Bf6 22. Rh1 g5 23. Bg3 Rag8 24. Rf3 Ke7 25. hxg5 hxg5 26. Ra1 g4 27. Rd3 Bg5+ 28. Ke2 Kd7 29. b4 Ra8 30. bxa5 Rxa5 31. Rdd1 Rha8 32. Rxa5 bxa5 33. Kd3 Kc6 34. Rh1 Ra7 35. Rh8 a4 36. Rc8+ Kd7 37. Rg8 Be7 38. Rg7 Ke8 39. Rxg4 a3 40. Rg8+ Kd7 41. bxa3 Rxa3 42. Rb8 Bg5 43. Rb7+ Ke8 44. Bd6 Ra2 45. f4 Bh4 46. g4 Rg2 47. g5 Rg3+ 48. Kc2 Rf3 49. Re7+ Kd8 50. Rxf7 Be1 51. g6 Rxc3+ 52. Kd1 1-0


[Site "https://www.chess.com"]